Map: Oceanborn LE

Players

BillyTheGoat - Winner!

  • Race: Protoss Protoss
  • League: Diamond
  • Spawn Location: 5:00

SubN

  • Race: Zerg Zerg
  • League: Diamond
  • Spawn Location: 11:00

VOD

Have the link to the VOD?

Description

Time

  • Played on: Nov. 17, 2023, 4:14 p.m.
  • Length: 8:26
Show
View Real Time Build Order
Export as new Build Order

BillyTheGoat Protoss - Winner!

Build Orders: Double Forge, Nexus First 

Get SALT Encoding   

  12  0:00  Probe (Chrono Boost)  
  13  0:10  Probe (Chrono Boost)  
  14  0:15  Probe (Chrono Boost)  
  15  0:24  Pylon  
  15  0:42  Probe  
  16  0:56  Nexus  
  16  0:57  Probe  
  17  1:09  Probe  
  18  1:21  Gateway  
  18  1:24  Forge  
  18  1:28  Probe  
  19  1:40  Probe (Chrono Boost)  
  19  1:41  Pylon  
  20  1:52  Probe (Chrono Boost)  
  21  1:57  Photon Cannon  
  21  2:03  Assimilator  
  21  2:05  Assimilator  
  21  2:08  Probe x2  
  21  2:14  Cybernetics Core  
  23  2:17  Pylon  
  23  2:21  Probe (Chrono Boost)  
  24  2:24  Zealot  
  24  2:29  Probe (Chrono Boost)  
  27  2:33  Probe (Chrono Boost)  
  28  2:39  Probe (Chrono Boost)  
  28  2:41  Probe (Chrono Boost)  
  30  2:45  Probe (Chrono Boost)  
  30  2:47  Probe  
  32  2:56  Probe  
  33  2:59  Probe  
  34  3:09  Probe  
  34  3:12  Nexus  
  35  3:14  Pylon  
  35  3:16  Probe  
  36  3:21  Probe  
  36  3:23  Warp Gate  
  37  3:28  Twilight Council  
  37  3:29  Probe  
  37  3:31  Protoss Ground Weapons Level 1 (Chrono Boost)  
  38  3:37  Probe  
  38  3:41  Probe  
  40  3:50  Probe  
  41  4:01  Photon Cannon  
  41  4:02  Probe x2  
  43  4:04  Photon Cannon  
  43  4:07  Shield Battery  
  43  4:09  Pylon  
  43  4:12  Shield Battery  
  43  4:14  Probe x2, Charge (Chrono Boost)  
  45  4:26  Probe x2  
  45  4:29  Pylon x2  
  45  4:31  Pylon  
  47  4:32  Pylon  
  47  4:33  Pylon  
  47  4:39  Forge, Probe x3  
  50  4:51  Probe x3  
  53  5:03  Probe x3  
  53  5:06  Gateway x2  
  56  5:08  Gateway  
  56  5:10  Gateway  
  56  5:12  Gateway  
  53  5:18  Photon Cannon  
  53  5:19  Photon Cannon  
  47  5:21  Pylon  
  47  5:23  Pylon  
  33  6:02  Zealot x2  
  37  6:04  Zealot  
  37  6:05  Zealot  
  37  6:06  Zealot  
  43  6:12  Gateway  
  43  6:15  Gateway  
  43  6:17  Gateway  
  43  6:18  Gateway  
  43  6:20  Gateway  
  42  6:31  Zealot x5  
  38  6:50  Zealot x3  
  38  6:51  Zealot x2  
  30  7:05  Zealot  
  30  7:06  Zealot x2  
  30  7:07  Zealot x2  
  40  7:35  Probe x2  
  42  7:42  Pylon  
  42  7:47  Pylon, Probe x2  
  41  7:59  Probe  
  41  8:02  Zealot x4  
  41  8:03  Zealot x5  
Show
View Real Time Build Order
Export as new Build Order

SubN Zerg 

Build Orders: 3 Hatch before Pool, Zergling Baneling 

Get SALT Encoding   

  12  0:00  Drone  
  13  0:11  Drone  
  14  0:35  Hatchery  
  14  0:42  Drone  
  14  1:04  Hatchery  
  14  1:09  Drone  
  14  1:24  Spawning Pool  
  13  1:27  Drone  
  13  1:31  Extractor  
  13  1:33  Drone  
  15  1:40  Overlord  
  15  2:10  Queen  
  15  2:12  Zergling x2  
  15  2:13  Zergling x10  
  23  2:19  Zergling x2  
  24  2:24  Zergling x2  
  24  2:29  Zergling x4  
  27  2:45  Extractor  
  27  2:49  Queen  
  28  2:51  Drone x3  
  28  2:58  Drone x2  
  33  3:00  Drone  
  34  3:07  Overlord  
  34  3:18  Overlord, Extractor  
  33  3:29  Queen  
  33  3:31  Overlord  
  35  3:34  Drone  
  35  3:37  Drone  
  35  3:40  Drone  
  38  3:47  Baneling Nest  
  37  4:02  Overlord  
  37  4:06  Zergling x6  
  40  4:27  Overlord  
  40  4:30  Zergling x8  
  44  4:35  Baneling x6  
  44  4:36  Baneling  
  44  4:38  Baneling  
  44  4:39  Baneling  
  44  4:41  Baneling  
  44  4:43  Baneling  
  44  4:45  Baneling  
  44  4:48  Zergling x2  
  44  4:52  Zergling x2  
  46  4:59  Zergling x4  
  39  5:29  Zergling x14  
  39  5:30  Zergling x8  
  50  5:46  Zergling x2  
  50  5:47  Zergling x8  
  55  5:59  Baneling  
  55  6:00  Baneling x8  
  55  6:04  Zergling x4  
  57  6:14  Zergling x8  
  50  6:41  Zergling x16  
  50  6:44  Metabolic Boost  
  45  7:05  Zergling x2  
  45  7:06  Zergling x14  
  47  7:20  Baneling  
  47  7:21  Baneling x4  
  43  7:25  Zergling x2  
  43  7:26  Zergling x6  
  47  7:30  Drone x2  
  47  7:33  Drone  
  50  7:37  Drone  
  50  7:43  Zergling x2  
  50  7:44  Zergling x2  
  35  8:03  Drone x7  
  28  8:12  Drone x2  
Tags
 
Add a new tag
Caveats
  • Supply blocks, unpowered buildings, or Contaminate may cause inaccurate times.
  • Supply counts are checked every 10 seconds.